 Dungeon Crawl Stone Soup version 0.29.1-15-g9cfb28693d (webtiles) character file.

Game seed: 10962654806660041586

156 Heoruswealwe the Magician (level 5, 0/28 HPs)
             Began as a Deep Elf Earth Elementalist on Apr 16, 2023.
             Slain by a gnoll sergeant
             ... wielding a +2 spear of freezing
             ... created by the fury of Okawaru
              (2 damage)
             ... on level 3 of the Dungeon.
             The game lasted 00:11:53 (1305 turns).

Heoruswealwe the Magician (DEEE)                    Turns: 1305, Time: 00:11:54

Health: 0/28       AC: 10    Str:  5    XL:     5   Next: 14%
Magic:  11/15      EV: 12    Int: 28    God:
Gold:   107        SH:  5    Dex: 15    Spells: 9/15 levels left

rFire   . . .      SeeInvis .   i - +1 dagger (venom)
rCold   . . .      Faith    .   (no shield)
rNeg    . . .      Spirit   .   a - +0 robe
rPois   .          Reflect  +   u - +2 helmet
rElec   .          Harm     .   (no cloak)
rCorr   .          Rampage  .   (no gloves)
Will    .....                   r - +0 pair of boots
Stlth   ++........              o - amulet of reflection
HPRegen 0.09/turn               d - +6 ring of intelligence
MPRegen 0.14/turn               m - +4 ring of protection

@: no status effects
A: no striking features
a: no special abilities


You were on level 3 of the Dungeon.
You visited 1 branch of the dungeon, and saw 3 of its levels.

You collected 107 gold pieces.

Inventory:

Hand Weapons
 i - a +1 dagger of venom (weapon)
Armour
 a - a +0 robe (worn)
 b - a +0 robe
 h - a +0 robe
 k - a +0 robe
 r - a +0 pair of boots (worn)
 t - a +0 animal skin
 u - a +2 helmet (worn)
Jewellery
 c - a ring of protection from fire
 d - a +6 ring of intelligence (left hand)
 m - a +4 ring of protection (right hand)
 o - an amulet of reflection (around neck)
 x - a ring of willpower
Scrolls
 e - a scroll of enchant weapon {unknown}
 f - 2 scrolls of magic mapping {unknown}
 g - a scroll of fear
 j - a scroll of blinking
 q - a scroll of teleportation {unknown}
 v - a scroll of identify
Potions
 l - a potion of curing
 n - a potion of heal wounds {unknown}
 p - a potion of invisibility {unknown}
 s - a potion of berserk rage {unknown}
 w - a potion of cancellation {unknown}


   Skills:
 - Level 2.4 Dodging
 - Level 2.4 Stealth
 + Level 5.5 Spellcasting
 - Level 1.1 Transmutations
 + Level 5.1 Earth Magic


You had 9 spell levels left.
You knew the following spells:

 Your Spells              Type           Power      Damage    Failure   Level
a - Sandblast             Erth           72%        2d16      1%          1
b - Stone Arrow           Conj/Erth      44%        3d9       7%          3
z - Passwall              Tmut/Erth      20%        N/A       2%          2

Your spell library contained the following spells:

 Spells                   Type           Power      Damage    Failure   Level
 Petrify                  Tmut/Erth      25%        N/A       17%         4
 Gell's Gravitas          Tloc           7%         N/A       19%         3
 Teleport Other           Tloc           7%         N/A       19%         3
 Dispersal                Tloc           3%         N/A       100%        6


Dungeon Overview and Level Annotations

Branches:
Dungeon (3/15)

Altars:
Okawaru
Uskayaw

Shops:
D:1 (


Message History

The worm is severely wounded.
The blast of sand hits the worm!
You kill the worm!
Okawaru sends forces against you!
An ogre, a gnoll sergeant and 5 gnolls come into view.
The gnoll sergeant is wielding a +2 spear of freezing.
You hit the gnoll but do no damage.
The gnoll is poisoned.
You closely miss the gnoll. You block the ogre's attack.
The gnoll closely misses you.
The gnoll sergeant hits you from afar with a +2 spear of freezing.
The gnoll sergeant freezes you.
The blast of sand hits the gnoll!
You kill the gnoll!
That felt strangely unrewarding.
The gnoll sergeant hits you but does no damage.
The ogre completely misses you.
The blast of sand hits the ogre!!
The ogre is severely wounded.
The gnoll sergeant closely misses you. You block the ogre's attack.
The gnoll sergeant hits you from afar with a +2 spear of freezing.
The gnoll sergeant freezes you.
The blast of sand hits the ogre!
You kill the ogre!
That felt strangely unrewarding.
The gnoll sergeant hits you from afar with a +2 spear of freezing!
The gnoll sergeant freezes you.
* * * LOW HITPOINT WARNING * * *
You are too injured to fight recklessly!
Casting: Sandblast (safe; 1% risk of failure)
Confirm with . or Enter, or press ? or * to list all spells.
Aiming: Sandblast (safe; 1% risk of failure)
Press: ? - help, Shift-Dir - straight line, f - gnoll
Aim: a gnoll, wielding a +0 whip (durably summoned, 86% to hit)
The blast of sand hits the gnoll!
You kill the gnoll!
That felt strangely unrewarding.
The gnoll sergeant hits you from afar with a +2 spear of freezing.
* * * LOW HITPOINT WARNING * * *
The gnoll sergeant freezes you.
You die...

#.##....#
#........####
#.#####.###........#
#.# #...########## #.#
###.# #.# #.#### #.#
#....# #.# ####g## ..
#.# #g.##### .# #.##
##g.@..## .# .. #..#
#####...## .# .# ##.##
#..##.# ..# #..#
####....# ..#
##.###### ##....[#.#
##.# #[.....##
#..###...# ...
######..######..#
#.)###.# #...........#
##.##<.#
#.##.†.[.#.)####)...##


You could see a gnoll sergeant and 2 gnolls.

Vanquished Creatures
  An ogre (D:3)
  An orc priest (D:3)
  An orc wizard (D:3)
  Robin (D:3)
  2 gnolls (D:3)
  2 adders (D:2)
  A worm (D:3)
  3 dart slugs
  6 orcs (D:3)
  4 ball pythons
  2 endoplasms
  3 giant cockroaches
  13 goblins
  4 hobgoblins
  A quokka (D:2)
  3 bats (D:3)
  5 frilled lizards
  3 kobolds
  5 rats
61 creatures vanquished.

Notes
Turn   | Place    | Note
-------+----------+-------------------------------------------
     0 | D:1      | Heoruswealwe the Deep Elf Earth Elementalist began the
                  | quest for the Orb.
     0 | D:1      | Reached XP level 1. HP: 10/10 MP: 6/6
   233 | D:1      | Reached XP level 2. HP: 15/15 MP: 5/8
   236 | D:1      | Learned a level 2 spell: Passwall
   313 | D:1      | Found a faded altar of an unknown god.
   317 | D:1      | Prayed at the altar of an unknown god.
   317 | D:1      | Became a worshipper of Warmaster Okawaru
   317 | D:1      | Reached * piety under Okawaru
   318 | D:1      | Fell from the grace of Okawaru
   394 | D:1      | Found Kugemin's Weapon Shop.
   695 | D:2      | Reached XP level 3. HP: 19/19 MP: 4/10
   699 | D:2      | Learned a level 3 spell: Stone Arrow
  1106 | D:3      | Reached XP level 4. HP: 15/24 MP: 2/12
  1129 | D:3      | Reached skill level 5 in Spellcasting
  1137 | D:3      | Noticed Robin
  1145 | D:3      | Killed Robin
  1166 | D:3      | Reached skill level 5 in Earth Magic
  1166 | D:3      | Reached XP level 5. HP: 17/28 MP: 5/15
  1167 | D:3      | Found a hide-covered altar of Uskayaw.
  1300 | D:3      | Noticed an ogre
  1304 | D:3      | Killed an ogre
  1305 | D:3      | Slain by a gnoll sergeant

Illustrated notes

Levels and vault maps discovered:
D:1:      eino_arrival_cavern_d, layout_rooms, serial_shops, shop_fountains,
          hellmonk_ecumenical_altar_heavens_door, kennysheep_decorative_pillar
D:2:      minmay_angry_zag, layout_rooms, kennysheep_generic_room_12
D:3:      layout_rooms, nicolae_uskayaw_suspiria, uniq_robin

Skill      XL: |  1  2  3  4 |
---------------+-------------+-----
Spellcasting   | 4 5 |  5.5
Earth Magic    | 4 5 |  5.1
Dodging        | |  2.4
Stealth        | |  2.4
Transmutations | |  1.1

Action                   |  1- 3 |  4- 6 || total
-------------------------+-------+-------++-------
Melee: Dagger            |       |     2 ||     2
 Cast: Sandblast         |    51 |    28 ||    79
Invok: Renounce Religion |     1 |       ||     1
  Use: Scroll            |     5 |       ||     5
       Potion            |       |     2 ||     2
Armor: Robe              |     9 |     5 ||    14
Dodge: Dodged            |     6 |     4 ||    10
Block: Other             |     1 |     3 ||     4
